 Dungeon Crawl Stone Soup version 0.28-a0-563-gf77a47075d (webtiles) character file.

Game seed: 3751976459451789538

298270 Johnny the Warrior (level 20, -4/190 (193) HPs)
             Began as a Yellow Draconian Ice Elementalist on Sept 30, 2021.
             Was a Priest of Sif Muna.
             Slain by a five-headed hydra simulacrum (7 damage)
             ... on level 4 of the Swamp.
             The game lasted 01:47:37 (69078 turns).

Johnny the Warrior (DrIE)                          Turns: 69078, Time: 01:47:38

HP:   -4/190 (193)  AC: 14    Str: 14    XL:     20   Next: 46%
MP:   21/41         EV: 12    Int: 23    God:    Sif Muna [***...]
Gold: 5101          SH: 16    Dex: 12    Spells: 20/53 levels left

rFire   . . .      SeeInvis .   T - +9 flail "Ompietegh" {vamp, Contam rElec rPois Will++}
rCold   + . .      Faith    .   p - +2 kite shield of Springtime {Will+}
rNeg    . . .      Spirit   .   (armour unavailable)
rPois   +          Reflect  .   (helmet restricted)
rElec   +          Harm     .   t - +1 cloak {Stlth+}
rCorr   +          Rampage  .   m - +0 pair of gloves
Will    +++++                   s - +0 pair of boots
Stlth   ++........              g - amulet of magic regeneration
HPRegen 0.41/turn               v - ring "Qetaiz" {rF+ Will+ Str+2}
MPRegen 0.52/turn               z - ring of ice

@: hasted, lightly drained, slow
A: spit acid, AC +10, unfitting armour, acidic bite, cold-blooded, acid
resistance
}: 1/15 runes: serpentine
a: Breathe Acid, Renounce Religion, Channel Magic, Forget Spell


You were on level 4 of the Swamp.
You worshipped Sif Muna.
Sif Muna was most pleased with you.
You visited 7 branches of the dungeon, and saw 35 of its levels.
You also visited: Ice Cave, Volcano and Wizlab.

You collected 5758 gold pieces.
You spent 657 gold pieces at shops.

Inventory:

Hand Weapons
 j - a +1 whip of electrocution
 T - the +9 flail "Ompietegh" (weapon) {vamp, Contam rElec rPois Will++}
   (You took it off a deep elf high priest on level 3 of the Elven Halls)

   It occasionally heals its wielder for a portion of the damage dealt when it
   wounds a living foe.
   rElec:     It insulates you from electricity.
   rPois:     It protects you from poison.
   Contam:    It causes magical contamination when unequipped.
   Will:      It greatly increases your willpower.
Missiles
 l - 8 throwing nets
Armour
 m - a +0 pair of gloves (worn)
 p - the +2 kite shield of Springtime (worn) {Will+}
   (You found it on level 6 of the Dungeon)

   Will:      It increases your willpower.
 s - a +0 pair of boots (worn)
 t - a +1 cloak of stealth (worn)
 u - a +2 kite shield of cold resistance
Magical Staves
 d - a staff of cold
Jewellery
 c - a ring of wizardry
 g - an amulet of magic regeneration (around neck)
 v - the ring "Qetaiz" (left hand) {rF+ Will+ Str+2}
   (You took it off a centaur warrior on level 11 of the Dungeon)

   [ring of protection from fire]

   Str:       It affects your strength (+2).
   rF:        It protects you from fire.
   Will:      It increases your willpower.
 z - a ring of ice (right hand)
 I - the ring of Altruism {Contam rC++ rN+ SInv}
   (You took it off a deep elf blademaster on level 3 of the Elven Halls)

   [ring of see invisible]

   rC:        It greatly protects you from cold.
   rN:        It protects you from negative energy.
   SInv:      It lets you see invisible.
   Contam:    It causes magical contamination when unequipped.
 P - the amulet of Nynypp {Spirit rF+ Regen+}
   (You found it in an ice cave)

   [amulet of guardian spirit]

   It causes incoming damage to be divided between your reserves of health and
   magic.
   rF:        It protects you from fire.
   Regen:     It increases your rate of health regeneration.
 S - a ring of poison resistance
 Z - a +6 ring of intelligence
Wands
 M - a wand of paralysis (3)
Scrolls
 b - 6 scrolls of noise
 f - 3 scrolls of immolation
 h - 5 scrolls of magic mapping
 q - 9 scrolls of teleportation
 w - a scroll of silence
 A - 2 scrolls of torment
 D - 3 scrolls of holy word
 K - 5 scrolls of fog
 O - 3 scrolls of identify
 X - 3 scrolls of enchant armour
 Y - 3 scrolls of amnesia
Potions
 a - 2 potions of magic
 e - 9 potions of curing
 i - 3 potions of attraction
 k - 4 potions of lignification
 n - 40 potions of degeneration
 o - 2 potions of haste
 r - 3 potions of resistance
 B - a potion of heal wounds
 E - 6 potions of cancellation
 H - 8 potions of brilliance
 L - 2 potions of berserk rage
 N - 4 potions of might
 R - 7 potions of ambrosia
 U - 4 potions of flight {unknown}
 V - 5 potions of mutation
Miscellaneous
 x - a phial of floods
 y - a lightning rod (1/4)
 C - a condenser vane (inert)
 F - a piece from Xom's chessboard (15/15)
 G - a box of beasts
 J - a phantom mirror
 Q - a piece from Xom's chessboard (15/15)
 W - a tin of tremorstones (inert)


   Skills:
 + Level 20.2 Fighting
 - Level 1.7 Dodging
 - Level 1.7 Stealth
 + Level 17.8 Shields
 + Level 17.3 Spellcasting
 + Level 19.1 Ice Magic
 - Level 12.3 Invocations


You had 20 spell levels left.
You knew the following spells:

 Your Spells              Type           Power      Damage    Failure   Level
a - Freeze                Ice            100%       1d11      0%          1
b - Frozen Ramparts       Ice            100%       1d12      0%          3
c - Ozocubu's Armour      Ice            100%       N/A       0%          3
d - Stone Arrow           Conj/Erth      38%        3d9       8%          3
e - Metabolic Englaciati  Hex/Ice        38%        N/A       1%          5
f - Hailstorm             Conj/Ice       77%        3d16      1%          4
g - Poisonous Vapours     Pois/Air       38%        N/A       4%          2
h - Ozocubu's Refrigerat  Ice            52%        4d15      1%          7
i - Freezing Cloud        Conj/Ice/Air   32%        6-21      5%          5

Your spell library contained the following spells:

 Spells                   Type           Power      Damage    Failure   Level
 Ensorcelled Hibernation  Hex/Ice        100%       N/A       1%          2
 Ice Form                 Ice/Tmut       77%        N/A       1%          4
 Apportation              Tloc           38%        N/A       2%          1
 Beastly Appendage        Tmut           38%        N/A       2%          1
 Magic Dart               Conj           76%        1d6       2%          1
 Pain                     Necr           76%        1d7       2%          1
 Sandblast                Erth           38%        2d10      2%          1
 Shock                    Conj/Air       76%        1d7       2%          1
 Sting                    Tmut/Pois      76%        1d6       2%          1
 Corpse Rot               Necr/Air       N/A        N/A       4%          2
 Passwall                 Tmut/Erth      15%        N/A       4%          2
 Searing Ray              Conj           38%        2d5       4%          2
 Slow                     Hex            19%        N/A       4%          2
 Static Discharge         Conj/Air       19%        N/A       4%          2
 Sublimation of Blood     Necr           9%         N/A       4%          2
 Wereblood                Tmut           19%        N/A       4%          2
 Call Canine Familiar     Summ           19%        N/A       8%          3
 Confusing Touch          Hex            19%        N/A       8%          3
 Conjure Flame            Conj/Fire      19%        6-21      8%          3
 Gell's Gravitas          Tloc           9%         N/A       8%          3
 Ignite Poison            Fire/Tmut/Pois 19%        N/A       8%          3
 Lesser Beckoning         Tloc           19%        N/A       8%          3
 Portal Projectile        Hex/Tloc       38%        N/A       8%          3
 Spider Form              Tmut/Pois      9%         N/A       8%          3
 Summon Guardian Golem    Hex/Summ       19%        N/A       8%          3
 Swiftness                Air            19%        N/A       8%          3
 Teleport Other           Tloc           19%        N/A       8%          3
 Tukima's Dance           Hex            19%        N/A       8%          3
 Vampiric Draining        Necr           9%         2d7       8%          3
 Simulacrum               Ice/Necr       38%        N/A       9%          6
 Airstrike                Air            9%         N/A       26%         4
 Animate Dead             Necr           9%         N/A       26%         4
 Cause Fear               Hex            9%         N/A       26%         4
 Dispel Undead            Necr           19%        3d11      26%         4
 Flame Wave               Conj/Fire      19%        3d5       26%         4
 Fulminant Prism          Conj/Hex       9%         3d7       26%         4
 Iskenderun's Mystic Bla  Conj/Tloc      19%        2d6       26%         4
 Leda's Liquefaction      Hex/Erth       9%         N/A       26%         4
 Olgreb's Toxic Radiance  Pois           19%        N/A       26%         4
 Passage of Golubria      Tloc           N/A        N/A       26%         4
 Petrify                  Tmut/Erth      19%        N/A       26%         4
 Sticky Flame             Conj/Fire      19%        2d4       26%         4
 Agony                    Necr           19%        N/A       58%         5
 Alistair's Intoxication  Tmut/Pois      12%        N/A       58%         5
 Blade Hands              Tmut           9%         N/A       58%         5
 Borgnjor's Vile Clutch   Necr/Erth      9%         N/A       58%         5
 Excruciating Wounds      Necr           9%         N/A       58%         5
 Fireball                 Conj/Fire      9%         3d6       58%         5
 Irradiate                Conj/Tmut      9%         3d17      58%         5
 Iskenderun's Battlesphe  Conj           19%        2d7       58%         5
 Lee's Rapid Deconstruct  Erth           9%         3d8*      58%         5
 Lightning Bolt           Conj/Air       9%         1d22      58%         5
 Silence                  Hex/Air        9%         N/A       58%         5
 Summon Forest            Summ/Tloc      9%         N/A       58%         5
 Summon Mana Viper        Hex/Summ       19%        N/A       58%         5
 Yara's Violent Unravell  Hex/Tmut       9%         3d6       58%         5
 Polar Vortex             Ice            52%        N/A       71%         9
 Conjure Ball Lightning   Conj/Air       9%         3x3d6     99%         6
 Death Channel            Necr           9%         N/A       99%         6
 Dispersal                Tloc           9%         N/A       99%         6
 Eringya's Noxious Bog    Tmut/Pois      9%         N/A       99%         6
 Invisibility             Hex            9%         N/A       99%         6
 Iron Shot                Conj/Erth      9%         9d3       99%         6
 Starburst                Conj/Fire      9%         6d5       99%         6
 Statue Form              Tmut/Erth      12%        N/A       99%         6
 Summon Cactus Giant      Summ           9%         N/A       99%         6
 Dragon Form              Tmut           9%         N/A       100%        7
 Spellforged Servitor     Conj/Summ      9%         N/A       100%        7
 Storm Form               Tmut/Air       9%         N/A       100%        7
 Discord                  Hex            9%         N/A       100%        8
 Disjunction              Tloc           9%         N/A       100%        8
 Ignition                 Fire           9%         3d5       100%        8
 Infestation              Necr           9%         N/A       100%        8
 Lehudib's Crystal Spear  Conj/Erth      9%         10d4      100%        8
 Maxwell's Capacitive Co  Air            9%         ∞         100%        8
 Chain Lightning          Conj/Air       9%         3d12      100%        9
 Dragon's Call            Summ           9%         N/A       100%        9
 Shatter                  Erth           9%         3d11*     100%        9


Dungeon Overview and Level Annotations

Branches:
Dungeon (15/15)            Temple (1/1) D:7            Lair (6/6) D:8
  Swamp (4/4) Lair:3        Snake (4/4) Lair:3        Slime (0/5) Lair:6
    Orc (2/2) D:10            Elf (3/3) Orc:2        Vaults (0/5) D:13
 Depths (0/4) D:15          IceCv (visited)         Volcano (visited)
 WizLab (visited)

Altars:
Ashenzari
Cheibriados
Dithmenos
Elyvilon
Fedhas
Gozag
Hepliaklqana
Kikubaaqudgha
Makhleb
Okawaru
Qazlal
Ru
Sif Muna
Trog
Uskayaw
Vehumet
Wu Jian
Xom
Yredelemnul
Zin
The Shining One
Beogh

Shops:
D:1 (   Orc:2 [(((   Elf:3 (*:(   Snake:2 !   Snake:3 ((

Annotations:
D:7 3 runed translucent doors, TimeIsEndless's ghost, novice OpVM; confidenceinterval's ghost, novice DsCj
D:9 3 runed translucent doors, confidenceinterval's ghost, novice DsCj
Swamp:4 exclusion: oklob plant
Elf:1 1 runed translucent door
Elf:2 3 runed translucent doors


Innate Abilities, Weirdness & Mutations

You can spit globs of acid.
Your golden yellow scales are hard. (AC +10)
You cannot fit into any form of body armour.
You have acidic saliva.
You are cold-blooded and may be slowed by cold attacks.
You are resistant to acid. (rCorr)


Message History

The five-headed hydra simulacrum freezes you!
You resist.
* * * LOW HITPOINT WARNING * * *
You block the six-headed hydra skeleton's attack. x2
The six-headed hydra skeleton bites you but does no damage. x2
You block the six-headed hydra skeleton's attack. x2
Okay, then.
You feel yourself speed up.
The five-headed hydra simulacrum bites you.
* * * LOW HITPOINT WARNING * * *
The five-headed hydra simulacrum freezes you!
You resist.
* * * LOW HITPOINT WARNING * * *
The five-headed hydra simulacrum barely misses you.
You block the five-headed hydra simulacrum's attack. x2
The five-headed hydra simulacrum bites you!
* * * LOW HITPOINT WARNING * * *
The five-headed hydra simulacrum freezes you!
You resist.
* * * LOW HITPOINT WARNING * * *
The six-headed hydra skeleton closely misses you.
You block the six-headed hydra skeleton's attack. x2
The six-headed hydra skeleton bites you but does no damage. x3
You enter the shallow water.
Moving in this stuff is going to be slow.
Okay, then.
Okay, then.
Okay, then.
Okay, then.
Okay, then.
You enter the shallow water.
Moving in this stuff is going to be slow.
The five-headed hydra simulacrum completely misses you.
You block the five-headed hydra simulacrum's attack.
The five-headed hydra simulacrum bites you but does no damage.
The five-headed hydra simulacrum bites you!
* * * LOW HITPOINT WARNING * * *
The five-headed hydra simulacrum freezes you!
You resist.
You die...

***,****###§≈≈≈≈≈≈≈≈≈≈.≈♣♣♣
*,,,,,,***#§≈≈§≈.≈≈≈≈..≈♣
,≈,,,,,,,*#)≈≈§≈≈§≈..♣♣♣♣
,≈,≈,≈,,,*#≈♣.≈≈≈≈)♣♣♣
,,._P..,**#..≈≈≈§♣♣..♣
,♣.≈.(,.,*#.≈≈.≈≈≈§..♣
,..≈≈,!≈**#§♣♣♣...≈≈≈♣♣♣♣
≈...♣.,** #♣♣ ♣.≈§≈≈.♣≈.♣♣
*.≈f≈≈** ♣♣@≈≈≈.♣≈.≈♣
*..♣*** ♣ZZ.≈♣♣≈≈.♣ ♣f.♣
♣♣≈≈≈≈♣♣.≈≈♣ ...♣
♣♣.≈≈≈.≈≈...♣ ≈≈♣#
♣♣♣≈≈≈≈≈.≈)≈≈♣♣ §##
♣≈≈≈.§≈§≈§≈♣≈♣# #♣♣♣**
♣♣≈≈≈.≈≈≈≈≈♣≈≈≈♣* # #..***
♣≈≈≈..≈≈≈≈≈≈≈≈≈≈♣*
###≈≈≈.♣♣♣♣≈.)....≈≈♣≈≈≈≈≈≈♣


You could see a five-headed hydra simulacrum and a six-headed hydra skeleton.

Vanquished Creatures
  Saint Roka (Orc:2)
  Vashnia (Snake:4)
  A golden dragon (IceCv)
  An acid blob (WizLab)
  A deep elf master archer (Elf:3)
  Kirke (D:15)
  3 deep elf blademasters (Elf:3)
  A tentacled starspawn (WizLab)
  4 thorn hunters
  A fenstrider witch (Swamp:4)
  10 nagarajas
  Louise (Snake:1)
  7 deep elf sorcerers
  6 deep elf elementalists
  2 stone giants
  The ghost of Drevant2 the Cryomancer, a journeyman DrIE of Sif Muna (Lair:5)
  2 vampire knights (Swamp:4)
  6 deep elf demonologists (Elf:3)
  A very ugly thing (WizLab)
  5 corrupters (WizLab)
  7 deep elf annihilators
  8 bunyips
  2 deep elf death magi (Elf:3)
  A merfolk javelineer (WizLab)
  A fire dragon (Lair:6)
  4 eleionomae
  Josephine (D:10)
  A shambling mangrove (Swamp:4)
  9 deep elf high priests
  The ghost of TZer0 the Cleaver, a journeyman VSFi of Makhleb (Orc:2)
  14 naga warriors
  5 ice dragons
  26 hydras
  5 salamander tyrants
  4 boulder beetles
  2 ogre magi
  2 spriggan air magi (Swamp:3)
  Harold (D:11)
  A ghost crab (Swamp:3)
  Fannar (D:10)
  6 centaur warriors
  2 merfolk aquamancers (WizLab)
  11 anacondas
  3 catoblepae
  10 two-headed ogres
  14 death yaks
  13 alligators
  Urug (Lair:5)
  8 dancing weapons
  2 orc high priests
  18 naga sharpshooters
  12 shock serpents
  9 deep elf knights
  Sonja (Orc:1)
  3 hell knights
  A slime creature (Lair:6)
  3 goliath frogs
  A fire crab (Lair:6)
  6 salamander mystics
  A deep troll (D:13)
  5 spriggan druids
  A spectral hydra (Swamp:4)
  An orange crystal statue (IceCv)
  Pikel (D:9)
  2 flayed ghosts
  5 naga ritualists
  7 swamp dragons
  A bog body (Swamp:2)
  15 deep elf archers
  9 wizards
  28 deep elf zephyrmancers
  A necromancer (WizLab)
  40 deep elf pyromancers
  7 orc knights
  2 oklob plants (Lair:5)
  13 mana vipers
  8 manticores
  2 orc sorcerers
  2 will-o-the-wisps
  15 ugly things
  9 cyclopes
  25 salamanders
  3 worldbinders (WizLab)
  11 guardian serpents
  A salamander (shapeshifter) (Elf:3)
  2 moths of wrath (Orc:2)
  Joseph (D:10)
  8 elephants
  2 molten gargoyles (Lair:6)
  10 cane toads
  14 naga magi
  52 black mambas
  A gargoyle (D:13)
  3 storm dragon simulacra (IceCv)
  11 yaktaurs
  10 komodo dragons
  Maggie (D:8)
  4 rime drakes
  5 kobold demonologists (D:13)
  Psyche (D:11)
  A freezing wraith (Swamp:4)
  8 golden dragon simulacra (IceCv)
  10 trolls
  3 bloated husks
  5 polar bears
  A queen bee (Lair:5)
  A hydra zombie (Swamp:4)
  A meliai (D:11)
  7 tyrant leeches
  9 hornets
  2 death drake zombies (Swamp:4)
  A polar bear (shapeshifter) (Elf:2)
  32 blink frogs
  Prince Ribbit (D:8)
  Grinder (D:3)
  9 dream sheep
  2 death drake skeletons (Swamp:4)
  2 air elementals
  A shadow (D:11)
  9 spriggans
  A meliai zombie (D:11)
  5 water elementals
  9 wyverns
  42 yaks
  A centaur simulacrum (D:11)
  2 vampires
  3 hogs (D:15)
  6 basilisks
  6 wraiths
  3 fire elementals
  3 golden eyes (WizLab)
  26 vampire mosquitoes
  5 fire bats
  3 steam dragons
  Menkaure (D:5)
  Edmund (D:5)
  12 swamp worms
  46 nagas
  3 acid dragons
  18 water moccasins
  7 wargs
  4 hell hounds (Lair:6)
  A sky beast (D:8)
  2 swamp drakes (Swamp:4)
  30 orc warriors
  7 black bears (Lair:1)
  4 ice dragon simulacra (IceCv)
  A necrophage (D:6)
  13 centaurs
  11 ogres
  8 wolves (Lair:6)
  2 lemures (D:9)
  3 kobold brigands
  16 bullfrogs
  2 gnoll sergeants
  3 earth elementals
  A scorpion (D:5)
  A water moccasin zombie (D:5)
  6 lindwurm simulacra (IceCv)
  6 killer bees
  15 wights
  2 electric eels
  7 howler monkeys
  A bullfrog zombie (D:5)
  4 lava snakes (Lair:6)
  A hound (D:7)
  2 centaur zombies
  14 orc priests
  A gnoll shaman (D:5)
  A bullfrog skeleton (D:4)
  A centaur skeleton (D:6)
  3 jellies
  2 iguanas
  Ijyb (D:5)
  Terence (D:3)
  22 orc wizards
  A killer bee zombie (D:8)
  A hound skeleton (D:4)
  A mummy (D:10)
  12 gnolls
  5 adders
  4 white imps
  An ufetubus (D:7)
  2 adder skeletons (D:4)
  A worm (D:3)
  4 dart slugs
  82 orcs
  3 ball pythons
  10 bats
  5 endoplasms
  8 giant cockroaches
  8 goblins
  9 hobgoblins
  2 quokkas
  3 frilled lizards
  13 kobolds
  6 rats
  A bush (Lair:6)
  A butterfly (Swamp:2)
  A starspawn tentacle (WizLab)
1308 creatures vanquished.

Vanquished Creatures (others)
  An ice dragon (IceCv)
  A hydra (Swamp:4)
  A bloated husk (Swamp:2)
  A water elemental (D:15)
  A human (D:15)
  An orc wizard (D:10)
  2 foxfires (Swamp:3)
  32 fungi
  62 plants
  6 starspawn tentacles (WizLab)
108 creatures vanquished.

Grand Total: 1416 creatures vanquished

Notes
Turn   | Place    | Note
-------+----------+-------------------------------------------
     0 | D:1      | Johnny the Draconian Ice Elementalist began the quest for
                  | the Orb.
     0 | D:1      | Reached XP level 1. HP: 14/14 MP: 3/3
   436 | D:1      | Found Deuwkez's Antique Weapon Emporium.
   450 | D:1      | Reached XP level 2. HP: 22/22 MP: 0/5
   610 | D:1      | Reached skill level 1 in Fighting
  1636 | D:2      | Reached XP level 3. HP: 22/28 MP: 4/6
  2106 | D:2      | Learned a level 3 spell: Frozen Ramparts
  2358 | D:3      | Noticed a centaur
  2361 | D:3      | HP: 1/29 [centaur/arrow (13)]
  2370 | D:3      | Killed a centaur
  2371 | D:3      | Reached skill level 2 in Fighting
  2371 | D:3      | Reached XP level 4. HP: 20/37 MP: 1/8
  2556 | D:3      | Noticed Grinder
  2578 | D:3      | Paralysed by Grinder for 4 turns
  2586 | D:3      | Killed Grinder
  2587 | D:3      | Reached skill level 3 in Fighting
  2587 | D:3      | Reached skill level 5 in Ice Magic
  2587 | D:3      | Reached XP level 5. HP: 46/46 MP: 2/10
  2587 | D:3      | Reached XP level 6. HP: 52/52 MP: 2/11
  2958 | D:3      | Noticed Terence
  2975 | D:3      | Killed Terence
  2996 | D:3      | Learned a level 3 spell: Ozocubu's Armour
  3001 | D:3      | Learned a level 4 spell: Hailstorm
  3362 | D:3      | Reached skill level 4 in Fighting
  3629 | D:4      | Found a shadowy altar of Dithmenos.
  4152 | D:4      | Your scales start taking on a golden yellow colour.
  4152 | D:4      | Reached XP level 7. HP: 42/60 MP: 13/13
  4152 | D:4      | Gained mutation: You are resistant to acid. (rCorr) [Yellow
                  | Draconian growth]
  4245 | D:4      | Found a radiant altar of Vehumet.
  4522 | D:4      | Found a shimmering altar of Xom.
  4650 | D:5      | Entered Level 5 of the Dungeon
  5053 | D:5      | Found an opulent altar of Gozag.
  5067 | D:5      | Reached skill level 5 in Fighting
  5079 | D:5      | Reached skill level 5 in Spellcasting
  5119 | D:5      | Noticed Edmund
  5131 | D:5      | Killed Edmund
  5132 | D:5      | Noticed Ijyb
  5142 | D:5      | Reached XP level 8. HP: 56/70 MP: 1/15
  5143 | D:5      | Killed Ijyb
  5230 | D:5      | Noticed Menkaure
  5236 | D:5      | Killed Menkaure
  5320 | D:5      | Reached skill level 6 in Fighting
  6128 | D:6      | Reached skill level 1 in Shields
  6509 | D:6      | Identified the +2 kite shield of Springtime {Will+}
  6769 | D:6      | Identified a scroll of acquirement
  6770 | D:6      | Acquired a staff of cold
  6849 | D:7      | Reached skill level 7 in Fighting
  7029 | D:7      | Found a runed translucent gate.
  7029 | D:7      | Found a runed translucent gate.
  7034 | D:7      | Noticed TimeIsEndless's ghost (novice OpVM)
  7034 | D:7      | Noticed confidenceinterval's ghost (novice DsCj)
  7035 | D:7      | Found a runed translucent gate.
  7038 | D:7      | Found a staircase to the Ecumenical Temple.
  7044 | Temple   | Entered the Ecumenical Temple
  7111 | Temple   | Became a worshipper of Sif Muna the Loreminder
  7498 | D:7      | Found a bloodstained altar of Trog.
  7511 | D:7      | Found a burning altar of Makhleb.
  7665 | D:7      | Reached XP level 9. HP: 60/79 MP: 3/18
  8108 | D:7      | Found an iron altar of Okawaru.
  8667 | D:8      | Noticed a death yak
  9088 | D:8      | Noticed a death yak
  9088 | D:8      | Noticed a death yak
  9090 | D:8      | Noticed a death yak
  9093 | D:8      | Noticed a death yak
  9107 | D:8      | Killed a death yak
  9107 | D:8      | Noticed a death yak
  9108 | D:8      | Reached skill level 8 in Fighting
  9108 | D:8      | Killed a death yak
  9108 | D:8      | Reached * piety under Sif Muna
  9109 | D:8      | Reached XP level 10. HP: 76/90 MP: 14/21
  9109 | D:8      | Killed a death yak
  9110 | D:8      | Reached skill level 5 in Shields
  9112 | D:8      | Killed a death yak
  9113 | D:8      | Reached skill level 9 in Fighting
  9115 | D:8      | Killed a death yak
  9142 | D:8      | Killed a death yak
  9522 | D:8      | Found a staircase to the Lair.
  9892 | D:8      | Noticed Prince Ribbit
  9903 | D:8      | Killed Prince Ribbit
  9904 | D:8      | Reached skill level 1 in Invocations
 10024 | D:8      | Noticed Maggie
 10032 | D:8      | Killed Maggie
 10635 | D:9      | Found a glowing silver altar of Zin.
 10652 | D:9      | Reached XP level 11. HP: 99/99 MP: 13/23
 10755 | D:9      | Reached skill level 10 in Ice Magic
 11202 | D:9      | Found a runed translucent gate.
 11202 | D:9      | Found a runed translucent gate.
 11216 | D:9      | Found a runed translucent gate.
 11283 | D:9      | Noticed a brown ugly thing
 11322 | D:9      | Reached ** piety under Sif Muna
 11390 | D:9      | Noticed a green ugly thing
 11399 | D:9      | Killed a green ugly thing
 11400 | D:9      | Reached skill level 10 in Fighting
 11708 | D:9      | Noticed a two-headed ogre
 11721 | D:9      | Killed a two-headed ogre
 11961 | D:9      | Noticed Pikel
 11969 | D:9      | Killed Pikel
 12112 | D:9      | Found a hide-covered altar of Uskayaw.
 12223 | D:9      | Killed a red ugly thing
 12241 | D:9      | Got Sif Muna's Reference Book on Lightness and Arcane
                  | Weapons
 12379 | D:9      | Noticed confidenceinterval's ghost (novice DsCj)
 12422 | D:9      | Learned a level 3 spell: Stone Arrow
 12539 | D:10     | Entered Level 10 of the Dungeon
 12623 | D:10     | Noticed Fannar
 12635 | D:10     | Killed Fannar
 12782 | D:10     | Found a snail-covered altar of Cheibriados.
 13069 | D:10     | Found a blossoming altar of Fedhas.
 13070 | D:10     | Found an ancient bone altar of Kikubaaqudgha.
 13094 | D:10     | Found a white marble altar of Elyvilon.
 13120 | D:10     | Noticed Josephine
 13137 | D:10     | Killed Josephine
 13466 | D:10     | Noticed Joseph
 13475 | D:10     | Killed Joseph
 13604 | D:10     | Found a staircase to the Orcish Mines.
 13969 | D:11     | Reached skill level 5 in Invocations
 14017 | D:11     | Noticed Harold
 14033 | D:11     | Killed Harold
 14111 | D:11     | Noticed Psyche
 14117 | D:11     | Killed Psyche
 14118 | D:11     | Reached XP level 12. HP: 108/108 MP: 14/25
 14420 | D:11     | Reached skill level 11 in Fighting
 15107 | D:11     | Noticed a boulder beetle
 15143 | D:11     | Killed a boulder beetle
 15343 | D:11     | Noticed a two-headed ogre
 15351 | D:11     | Killed a two-headed ogre
 15698 | D:11     | Identified the +4 short sword of Ronolon {flame, rN+}
 15698 | D:11     | Identified the amulet of Optimism {-Cast rC- Will++ Regen+
                  | Str+10}
 15718 | D:11     | Identified the ring "Qetaiz" {rF+ Will+ Str+2}
 15718 | D:11     | Noticed a centaur warrior
 15723 | D:11     | Killed a centaur warrior
 15737 | D:11     | Reached skill level 10 in Spellcasting
 15791 | D:11     | Noticed a centaur warrior
 15796 | D:11     | Killed a centaur warrior
 16640 | D:12     | Reached *** piety under Sif Muna
 16854 | D:12     | Noticed a centaur warrior
 16868 | D:12     | Killed a centaur warrior
 16869 | D:12     | Reached skill level 12 in Fighting
 17515 | D:12     | Reached XP level 13. HP: 105/118 MP: 13/27
 20214 | D:13     | Identified the +4 chain mail "Hodaka" {rElec Dex+4}
 21170 | D:13     | Found a gate to the Vaults.
 21360 | Lair:1   | Entered Level 1 of the Lair of Beasts
 21370 | Lair:1   | Reached skill level 10 in Shields
 23295 | Lair:2   | Reached skill level 13 in Fighting
 23726 | Lair:2   | Reached **** piety under Sif Muna
 24668 | Orc:1    | Entered Level 1 of the Orcish Mines
 24739 | Orc:2    | Entered Level 2 of the Orcish Mines
 25311 | Orc:2    | Gained mutation: You have acidic saliva. [Yellow Draconian
                  | growth]
 25311 | Orc:2    | Reached XP level 14. HP: 98/129 MP: 11/29
 25850 | Orc:1    | Noticed Sonja
 25857 | Orc:1    | Killed Sonja
 26728 | Orc:2    | Found Ijedush's Weapon Emporium.
 27005 | Orc:2    | Found a staircase to the Elven Halls.
 27313 | Orc:2    | Reached ***** piety under Sif Muna
 27366 | Orc:2    | Received a gift from Sif Muna
 27369 | Orc:2    | Got Boas's Handbook of the Evil Birds {god gift}
 27801 | Orc:2    | Found a transporter.
 27814 | Orc:2    | Noticed TZer0's ghost (journeyman VSFi)
 27829 | Orc:2    | Found a transporter.
 27886 | Orc:2    | Found Poudil's Antique Weapon Boutique.
 28141 | Orc:2    | Noticed Saint Roka
 29007 | Orc:1    | Learned a level 5 spell: Metabolic Englaciation
 29010 | Orc:1    | Learned a level 2 spell: Poisonous Vapours
 29953 | Lair:3   | Reached skill level 10 in Invocations
 29982 | Lair:3   | Found a dark tunnel.
 29994 | Volcano  | Entered a volcano
 31183 | Lair:3   | Found a staircase to the Snake Pit.
 31383 | Lair:3   | You fall into a shaft and drop 3 floors!
 31383 | Lair:6   | Entered Level 6 of the Lair of Beasts
 31627 | Lair:6   | Reached skill level 14 in Fighting
 32243 | Lair:6   | Found a staircase to the Slime Pits.
 32389 | Lair:5   | Reached XP level 15. HP: 107/138 MP: 0/31
 32489 | Lair:5   | Found a transporter.
 32491 | Lair:5   | Found a transporter.
 32492 | Lair:5   | Noticed Drevant2's ghost (journeyman DrIE)
 32706 | Lair:5   | Received a gift from Sif Muna
 32745 | Lair:5   | Got Sixuc's Compendium of Venom and Attacks {god gift}
 32782 | Lair:5   | Killed Drevant2's ghost
 33096 | Lair:5   | Noticed Urug
 33111 | Lair:5   | Killed Urug
 33871 | Lair:5   | Found the +2 robe of Vines {NoPotionHeal Regen+++}
 36231 | Lair:3   | Found a staircase to the Swamp.
 36484 | Lair:3   | Found a broken altar of Ashenzari.
 37133 | Swamp:1  | Entered Level 1 of the Swamp
 37156 | Snake:1  | Entered Level 1 of the Snake Pit
 38099 | Lair:6   | Reached skill level 15 in Fighting
 39268 | Lair:6   | Found a large runed translucent door.
 39268 | Lair:6   | Found a large runed translucent door.
 41480 | D:15     | Entered Level 15 of the Dungeon
 41504 | D:15     | Reached XP level 16. HP: 136/149 MP: 10/33
 41530 | D:15     | Found a staircase to the Depths.
 41708 | D:15     | Noticed Kirke
 41725 | D:15     | Killed Kirke
 42401 | D:15     | Found an ornate altar of the Wu Jian Council.
 42435 | D:15     | Received a gift from Sif Muna
 42467 | D:15     | Got Sif Muna's Disquisition on the Rocks and Dark Magic
                  | {god gift}
 42742 | D:15     | Reached skill level 15 in Ice Magic
 43433 | D:14     | Learned a level 7 spell: Ozocubu's Refrigeration
 43613 | Orc:2    | Killed Saint Roka
 43620 | Orc:2    | Found Zomil's Antique Weapon Emporium.
 43627 | Orc:2    | Found Lunom's Antique Armour Shoppe.
 43638 | Orc:2    | Bought a runed kite shield for 165 gold pieces
 43776 | Orc:2    | Killed TZer0's ghost
 43953 | Elf:1    | Entered Level 1 of the Elven Halls
 43953 | Elf:1    | Found a runed translucent gate.
 43953 | Elf:1    | Found a runed translucent gate.
 43953 | Elf:1    | Found a runed translucent gate.
 43953 | Elf:1    | Found a runed translucent gate.
 43953 | Elf:1    | Found a runed translucent gate.
 43953 | Elf:1    | Found a runed translucent gate.
 43957 | Elf:1    | Found a runed translucent door.
 44028 | Elf:1    | Found a runed translucent door.
 44634 | Elf:1    | Reached skill level 16 in Fighting
 45896 | Elf:2    | Paralysed by an air elemental for 1 turns
 46360 | Elf:2    | Found a runed translucent gate.
 46360 | Elf:2    | Found a runed translucent gate.
 46360 | Elf:2    | Found a runed translucent gate.
 46685 | Elf:2    | Reached XP level 17. HP: 135/159 MP: 12/35
 47777 | Elf:3    | Entered Level 3 of the Elven Halls
 47797 | Elf:3    | Found Rithimir's Antique Weapon Boutique.
 47836 | Elf:3    | Received a gift from Sif Muna
 47839 | Elf:3    | Got Sif Muna's Compendium of Cloudy Summoning {god gift}
 47848 | Elf:3    | Learned a level 5 spell: Freezing Cloud
 47886 | Elf:3    | Found a magical portal.
 47891 | WizLab   | Entered Alistair's Party Mansion
 48480 | WizLab   | Noticed an acid blob
 48496 | WizLab   | Killed an acid blob
 48687 | WizLab   | Reached skill level 17 in Fighting
 48692 | WizLab   | Noticed a golden dragon
 49737 | WizLab   | Acquired 521 gold pieces
 50191 | Elf:3    | Found Horig's Antique Weapon Emporium.
 50265 | Elf:3    | Found Zimitrof's Book Boutique.
 50436 | Elf:3    | Found Dolim's Assorted Antiques.
 50447 | Elf:3    | Bought a scroll of identify for 50 gold pieces
 50447 | Elf:3    | Bought a runed cloak for 187 gold pieces
 50559 | Elf:3    | Paralysed by an air elemental for 1 turns
 51043 | Elf:3    | Reached skill level 15 in Shields
 51043 | Elf:3    | Reached skill level 15 in Spellcasting
 51349 | Elf:3    | Reached XP level 18. HP: 169/170 MP: 12/37
 51352 | Elf:3    | Identified the ring "Ymoahod" {Will+ Str+4 Dex+3 Slay+4}
 51354 | Elf:3    | Identified the +9 flail "Ompietegh" {vamp, Contam rElec
                  | rPois Will++}
 51361 | Elf:3    | Noticed a Tzitzimitl
 51539 | Elf:3    | Identified the +0 leather armour of Geponor {Regen+}
 51539 | Elf:3    | Identified the ring of Altruism {Contam rC++ rN+ SInv}
 52654 | Elf:3    | Got Melucyate's Compendium of Bewitchment and Translocation
 52834 | Elf:3    | Got the Papyrus of Intoxication and Beguiling
 53255 | Snake:1  | Reached skill level 18 in Fighting
 54004 | Snake:1  | Noticed Louise
 54011 | Snake:1  | Killed Louise
 55199 | Snake:2  | Found Gickoip's Distillery.
 55205 | Snake:2  | Bought a potion of curing for 51 gold pieces
 55205 | Snake:2  | Bought a potion of brilliance for 68 gold pieces
 55205 | Snake:2  | Bought a potion of heal wounds for 85 gold pieces
 55205 | Snake:2  | Bought a potion of lignification for 51 gold pieces
 55631 | Snake:2  | Received a gift from Sif Muna
 55634 | Snake:2  | Got Sif Muna's Guide on Excruciating Fascination {god gift}
 56235 | Snake:2  | Found a runed translucent gate.
 56235 | Snake:2  | Found a runed translucent gate.
 56235 | Snake:2  | Found a runed translucent gate.
 56991 | Snake:3  | Reached XP level 19. HP: 160/181 MP: 14/39
 57083 | Snake:3  | Found Dary's Weapon Shoppe.
 57088 | Snake:3  | Found Somosoit's Antique Weapon Shoppe.
 58628 | Snake:4  | Entered Level 4 of the Snake Pit
 58633 | Snake:4  | Noticed Vashnia
 58925 | Snake:4  | Received a gift from Sif Muna
 58927 | Snake:4  | Got Sif Muna's Compendium of Curses and Transmutation {god
                  | gift}
 59535 | Snake:4  | Reached skill level 19 in Fighting
 59866 | Snake:4  | Killed Vashnia
 60888 | Snake:4  | Received a gift from Sif Muna
 60891 | Snake:4  | Got Sif Muna's Reference Book on Burning Confrontation {god
                  | gift}
 61718 | Snake:4  | Got a serpentine rune of Zot
 62676 | Swamp:1  | Identified the +8 arbalest "Duibeak" {flame, Str+3}
 63969 | Swamp:2  | Acquired 414 gold pieces
 64857 | Swamp:3  | Reached XP level 20. HP: 138/193 MP: 10/40
 65113 | Swamp:3  | Received a gift from Sif Muna
 65114 | Swamp:3  | Got Sif Muna's Collected Works on Frigorific Lightness {god
                  | gift}
 65744 | Swamp:4  | Entered Level 4 of the Swamp
 65875 | Swamp:4  | Reached skill level 20 in Fighting
 65898 | Swamp:4  | Found a blossoming altar of Fedhas.
 65929 | Swamp:4  | Found a frozen archway.
 65935 | IceCv    | Entered an ice cave
 67591 | IceCv    | Noticed a golden dragon
 68239 | IceCv    | Killed a golden dragon
 68296 | IceCv    | Identified the ring "Qosud" {rF+ Will+}
 68308 | IceCv    | Identified the amulet of Nynypp {Spirit rF+ Regen+}
 69078 | Swamp:4  | HP: 3/190 [five-headed hydra simulacrum (10)]
 69078 | Swamp:4  | Slain by a five-headed hydra simulacrum

Illustrated notes

Levels and vault maps discovered:
D:1:      psy_arrival_fountain, layout_basic, serial_shops, shop
D:2:      kennysheep_big_flooded_room, layout_basic
D:3:      layout_loops_corners, uniq_terence, uniq_grinder
D:4:      layout_rooms, mainiacjoe_overflow_small_starburst, tgw_xom,
          grunt_dithmenos_smoke, minmay_misc_feat_encased
D:5:      layout_rooms, grunt_gozag_statues, serial_curves, eino_curves_04,
          eino_curves_03, eino_curves_03, uniq_ijyb, uniq_edmund, uniq_menkaure
D:6:      lemuel_ice_spiral_2, layout_rooms, roderic_batcave
D:7:      layout_basic, mainiacjoe_overflow_brackets,
          amethyst_overflow_temple_binary, minmay_temple_entry_gardened_gates,
          gammafunk_ghost_cemetery
D:8:      wad_river_or_something, layout_basic, dpeg_lair_monsters, uniq_maggie,
          uniq_prince_ribbit1
D:9:      layout_cave_pools, zin_academy, general_overflow_altar,
          gammafunk_ghost_icy, minmay_diamond_spiral, uniq_pikel
D:10:     layout_roguey, grunt_temple_overflow_growth_and_decay,
          lemuel_tele_altar, slow_altar_2, uniq_joseph, uniq_josephine,
          uniq_fannar
D:11:     minmay_the_grid_triangle_9x9_line_8_mashed
          [minmay_the_grid_triangle_9x9_minimal,
          minmay_the_grid_triangle_9x9_limited_checkers,
          minmay_the_grid_triangle_9x9_sprig,
          minmay_the_grid_triangle_9x9_impossible_snake,
          minmay_the_grid_triangle_9x9_intruding_spiral,
          minmay_the_grid_triangle_9x9_empty,
          minmay_the_grid_triangle_9x9_warning,
          minmay_the_grid_triangle_9x9_prize_schism], layout_loops_corners,
          uniq_harold, uniq_psyche
D:12:     layout_cave_pods, serial_column_ruins, column_ruins_circle_small,
          column_ruins_corridor_corner, column_ruins_open_small,
          column_ruins_open_small, column_ruins_grid_4, column_ruins_grid_3,
          column_ruins_corridor_plus
D:13:     layout_roguey, david_vaults_4
D:14:     layout_layer_cave, minivault_25
D:15:     grunt_enter_depths_giant_problem, layout_loops_ring,
          nicolae_wu_jian_immortal_techniques, elves_outpost_lemuel, uniq_kirke
Temple:   compressed_dpeg_triangle_lava_temple
Lair:1:   beast_lair_carwin_large_3, layout_long_grid, grunt_megastairs_4
Lair:2:   layout_cave_pods, grunt_megastairs_2
Lair:3:   layout_cave_pods, minmay_swamp_entry_swarm,
          minmay_snake_entry_guardpost_small, basic_altar,
          nicolae_volcano_entry_batcave, lemuel_fruit_tree
Lair:4:   layout_long_grid, infiniplex_staircase_pool_2
Lair:5:   layout_gridlike, gammafunk_ghost_hive, hellmonk_guarded_unrand_vines,
          uniq_urug
Lair:6:   cheibrodos_lair_end_hotspot, layout_regular_city,
          minmay_slime_entry_pillars
Swamp:1:  layout_falls_marsh, evilmike_swamp_ruin_rubble_1
Swamp:2:  cheibrodos_swamp_heart_of_darkness, layout_basic_swamp,
          nicolae_swamp_ascending_descending, nicolae_swamp_frolicking_bunyips
Swamp:3:  layout_basic_swamp, hangedman_swamp_ruin_hall
Swamp:4:  byrel_swamp_growth_death_and_undeath, layout_basic_swamp,
          portal_ice_cave_entry_dragon, swamp_pool1, nicolae_swamp_bean_lake
Snake:1:  layout_layer_cave, serial_bayou_pond_d, uniq_louise
Snake:2:  layout_onion, serial_shops, nicolae_shop_stone,
          nicolae_snake_horde_hoard
Snake:3:  layout_chambers, minmay_shop_star, uniq_saint_roka
Snake:4:  grunt_snake_rune_serpentine_throne, layout_chambers,
          grunt_ministairs_1, grunt_megastairs_3, uniq_vashnia
Orc:1:    layout_diamond_mine, uniq_sonja
Orc:2:    grunt_orc_community_town_hall, layout_diamond_mine,
          grunt_orc_community_big_house_2, grunt_orc_community_big_house_1,
          grunt_orc_community_house_1, grunt_orc_community_house_3,
          grunt_orc_community_house_2, grunt_orc_community_house_1, basic_altar,
          gammafunk_ghost_berserking_beasts
Elf:1:    nicolae_elf_arrival_dilemma, layout_geoelf_octagon, minmay_elf_sorcery
Elf:2:    nicolae_elf_blades_splatter_lattice
          [nicolae_blade_entry_sentries_behind_glass], layout_geoelf_octagon,
          grunt_ministairs_11, st_stairs_3
Elf:3:    minmay_elf_hall_not_hex, layout_geoelf_castle, mu_enter_wizlab_2,
          serial_shops, shop, shop, shop, shop_fountains

Skill      XL: |  1  2  3  4  5  6  7  8  9 10 11 12 13 14 15 16 17 18 19 20 |
---------------+-------------------------------------------------------------+-----
Fighting       | 1 2 3 4 5 7 8 9 10 12 13 14 15 16 17 18 19 20 | 20.2
Spellcasting   | 3 4 5 6 7 8 9 10 11 12 13 14 15 16 17 | 17.3
Ice Magic      | 5 6 7 8 9 10 11 12 13 14 15 16 17 18 19 | 19.1
Shields        | 2 4 6 7 9 10 11 12 13 15 16 17 | 17.8
Invocations    | 2 5 7 9 10 12 | 12.3
Dodging        | |  1.7
Stealth        | |  1.7

Action                   |  1- 3 |  4- 6 |  7- 9 | 10-12 | 13-15 | 16-18 | 19-21 || total
-------------------------+-------+-------+-------+-------+-------+-------+-------++-------
Melee: Unarmed           |     8 |       |       |       |       |       |       ||     8
       Short sword       |    79 |    51 |       |       |       |       |       ||   130
       Tailslap          |     6 |     5 |    19 |     6 |    12 |    14 |    15 ||    77
       Whip              |       |    33 |    88 |       |       |       |       ||   121
       Staff             |       |       |    50 |    57 |   168 |    15 |       ||   290
       Bite              |       |       |       |       |    15 |    15 |    11 ||    41
       Flail             |       |       |       |       |       |    96 |   100 ||   196
 Cast: Freeze            |    23 |    33 |    32 |   122 |   478 |   131 |    65 ||   884
       Frozen Ramparts   |       |     5 |    11 |    43 |    88 |    27 |     6 ||   180
       Ozocubu's Armour  |       |     2 |     5 |    16 |    41 |    18 |    12 ||    94
       Hailstorm         |       |       |    30 |    69 |   232 |   138 |    75 ||   544
       Stone Arrow       |       |       |       |    42 |   181 |    44 |    99 ||   366
       Metabolic Englaci |       |       |       |       |     3 |       |       ||     3
       Poisonous Vapours |       |       |       |       |     2 |       |       ||     2
       Ozocubu's Refrige |       |       |       |       |       |   226 |   239 ||   465
Invok: Channel Magic     |       |       |       |     1 |    11 |    19 |    17 ||    48
 Abil: Breathe Acid      |       |       |     8 |    11 |    12 |     7 |     5 ||    43
Evoke: Wand              |       |       |    28 |    26 |    62 |    20 |       ||   136
       Lightning rod     |       |       |       |     7 |    12 |    11 |     5 ||    35
       Box of beasts     |       |       |       |       |     2 |     2 |       ||     4
       Phial of floods   |       |       |       |       |     1 |     2 |       ||     3
       Piece from Xom's  |       |       |       |       |     1 |       |     1 ||     2
       Tin of tremorston |       |       |       |       |     2 |     2 |     2 ||     6
       Condenser vane    |       |       |       |       |       |     1 |     1 ||     2
  Use: Potion            |     3 |     2 |     5 |     2 |     5 |     3 |     9 ||    29
       Scroll            |       |     3 |    11 |     6 |    10 |     6 |    19 ||    55
 Stab: Sleeping          |     2 |     2 |       |       |       |     2 |     1 ||     7
Armor: Skin              |    31 |    37 |   126 |   110 |   420 |    88 |   180 ||   992
Dodge: Dodged            |    77 |    54 |   200 |   143 |   398 |   137 |   199 ||  1208
Block: Buckler           |       |       |       |    63 |   285 |       |       ||   348
       Kite shield       |       |       |       |       |    63 |   285 |   376 ||   724

Table legend: (Time is in decaauts)
 A = Elapsed time spent in this place.
 B = Non-inter-level travel time spent in this place.
 C = Inter-level travel time spent in this place.
 D = Time resting spent in this place.
 E = Time spent auto-exploring this place.
 F = Levels seen in this place.
 G = Mean time per level.
                   A        B        C        D        E       F      G
               +--------+--------+--------+--------+--------+-----+--------+
         Total |  69550 |  67272 |   2278 |  25170 |  32463 |  38 | 1830.3 |
       Dungeon |  25221 |  24232 |    989 |   7593 |  13581 |  15 | 1681.4 |
        Temple |     77 |     65 |     12 |      0 |     58 |   1 |   77.0 |
          Lair |  12766 |  12280 |    486 |   3829 |   6802 |   6 | 2127.7 |
         Swamp |   4456 |   4392 |     64 |   1236 |   2320 |   4 | 1114.0 |
     Snake Pit |   9162 |   8834 |    328 |   3028 |   4724 |   4 | 2290.5 |
  Orcish Mines |   5275 |   5075 |    200 |   2234 |   1856 |   2 | 2637.5 |
   Elven Halls |   6868 |   6671 |    197 |   3462 |   2180 |   3 | 2289.3 |
      Ice Cave |   2526 |   2526 |      0 |   1826 |    279 |   1 | 2526.0 |
       Volcano |    961 |    961 |      0 |    628 |    231 |   1 |  961.0 |
        Wizlab |   2231 |   2231 |      0 |   1332 |    431 |   1 | 2231.0 |
               +--------+--------+--------+--------+--------+-----+--------+

Top non-repeatable levels by time:
   Orc:2: 4256 daAuts
 Snake:3: 3702 daAuts
  Lair:6: 3323 daAuts
   Elf:3: 2995 daAuts
    D:13: 2785 daAuts
    D:11: 2663 daAuts
     D:8: 2622 daAuts
   IceCv: 2526 daAuts
  Lair:5: 2477 daAuts
 Snake:4: 2245 daAuts
  WizLab: 2231 daAuts
  Lair:3: 2110 daAuts
    D:12: 2011 daAuts
 Snake:1: 1961 daAuts
   Elf:1: 1950 daAuts
